 Dungeon Crawl Stone Soup version 0.25-a0-1073-gf4359a17dd (webtiles) character file.

Game seed: 17607548916295240225, levelgen mode: deterministic

42268 vurker the Covert (level 14, -24/106 HPs)
             Began as a Gnoll Air Elementalist on May 14, 2020.
             Was the Champion of Cheibriados.
             Annihilated by a spiny frog (47 damage)
             ... on level 6 of the Lair of Beasts.
             The game lasted 00:36:40 (20684 turns).

vurker the Covert (Gnoll Air Elementalist)         Turns: 20684, Time: 00:36:41

Health: -24/106    AC: 28    Str: 26    XL:     14   Next: 19%
Magic:  28/28      EV: 15    Int: 37    God:    Cheibriados [******]
Gold:   1319       SH:  0    Dex: 31    Spells: 21/33 levels left

rFire    + + .     SeeInvis +   a - +9 trident of Icuqej {holy, rC+ rN+ SInv}
rCold    + + .     Gourm    .   D - +0 kite shield
rNeg     + . .     Faith    .   C - +2 plate armour {rPois}
rPois    +         Spirit   .   k - +1 hat {MR+}
rElec    .         Reflect  .   (no cloak)
rCorr    .         Harm     .   g - +2 pair of gloves of the Valley {rF++}
MR       ++...                  (no boots)
Stlth    +.........             (no amulet)
HPRegen  0.27/turn              n - +4 ring of protection
MPRegen  0.21/turn              l - +4 ring of protection

@: sleeping, studying Stealth, very slow
A: distributed training, fangs 1, cold resistance 1, deterioration 1, strong
nose
a: Bend Time, Temporal Distortion, Slouch, Step From Time, Renounce Religion


You were on level 6 of the Lair of Beasts.
You worshipped Cheibriados.
Cheibriados was exalted by your worship.
You were not hungry.

You visited 3 branches of the dungeon, and saw 18 of its levels.
You also visited: Sewer.

You collected 1319 gold pieces.

Inventory:

Hand Weapons
 a - the +9 trident of Icuqej (weapon) {holy, rC+ rN+ SInv}
   (You found it on level 5 of the Dungeon)

   It has been blessed by the Shining One to cause great damage to the undead
   and demons.
   It protects you from cold.
   It protects you from negative energy.
   It lets you see invisible.
 b - a +0 scimitar of flaming
   (You took it off Erica on level 1 of the Lair of Beasts)
Armour
 g - the +2 pair of gloves of the Valley (worn) {rF++}
   (You found it on level 3 of the Lair of Beasts)

   It greatly protects you from fire.
 k - a +1 hat of magic resistance (worn)
   (You took it off Gastronok on level 8 of the Dungeon)
 C - a +2 plate armour of poison resistance (worn)
   (You found it on level 5 of the Dungeon)
 D - a +0 kite shield (worn)
   (You found it on level 2 of the Dungeon)
 F - a +3 troll leather armour {Snorg}
   (You found it on level 10 of the Dungeon)
Magical Staves
 R - an uncursed staff of conjuration
   (You found it on level 3 of the Lair of Beasts)
Jewellery
 l - a +4 ring of protection (right hand)
   (You found it on level 2 of the Dungeon)
 n - a +4 ring of protection (left hand)
   (You found it on level 3 of the Dungeon)
 o - an uncursed ring of protection from cold
   (You found it on level 11 of the Dungeon)
 L - an uncursed ring of magical power
   (You found it in a sewer)
Wands
 d - a wand of iceblast (6)
   (You found it on level 2 of the Lair of Beasts)
 h - a wand of polymorph (26)
   (You took it off an orc wizard on level 11 of the Dungeon)
 r - a wand of clouds (2)
   (You found it on level 10 of the Dungeon)
 t - a wand of flame (36)
   (You found it on level 4 of the Dungeon)
 u - a wand of paralysis (16)
   (You found it on level 1 of the Lair of Beasts)
 v - a wand of digging (5)
   (You found it on level 8 of the Dungeon)
 x - a wand of acid (3)
   (You found it on level 5 of the Lair of Beasts)
 H - a wand of enslavement (20)
   (You took it off Pikel on level 4 of the Dungeon)
Scrolls
 c - a scroll of magic mapping
 f - 12 scrolls of teleportation
 m - a scroll of summoning {unknown}
 q - 9 scrolls of remove curse
 s - a scroll of immolation {unknown}
 y - 3 scrolls of fog {unknown}
 B - a scroll of random uselessness {unknown}
 E - a scroll of holy word {unknown}
 G - 2 scrolls of enchant weapon {unknown}
 I - 2 scrolls of enchant armour
 Q - a scroll of acquirement {unknown}
Potions
 i - 2 potions of lignification
 j - a potion of magic {unknown}
 p - a potion of invisibility
 w - a potion of heal wounds
 z - 4 potions of curing
 J - a potion of cancellation
 N - a potion of might
Books
 M - a manual of Stealth
   (You found it on level 1 of the Lair of Beasts)
Miscellaneous
 A - a lightning rod (4/4)
   (You found it on level 10 of the Dungeon)
 S - a phantom mirror
Comestibles
 e - 33 rations


   Skills:
 + Level 8.9 Fighting
 + Level 8.9 Short Blades
 + Level 8.9 Long Blades
 + Level 8.9 Axes
 + Level 8.9 Maces & Flails
 + Level 8.9 Polearms
 + Level 8.9 Staves
 + Level 8.9 Slings
 + Level 8.9 Bows
 + Level 8.9 Crossbows
 + Level 8.9 Throwing
 + Level 8.9 Armour
 + Level 10.0 Dodging
 + Level 11.0 Stealth
 + Level 8.9 Shields
 + Level 8.9 Unarmed Combat
 + Level 10.1 Spellcasting
 + Level 7.7 Conjurations
 + Level 7.4 Hexes
 + Level 7.4 Charms
 + Level 7.4 Summonings
 + Level 7.4 Necromancy
 + Level 7.4 Translocations
 + Level 7.4 Transmutations
 + Level 7.4 Fire Magic
 + Level 7.4 Ice Magic
 + Level 9.2 Air Magic
 + Level 7.4 Earth Magic
 + Level 7.4 Poison Magic
 + Level 9.6 Invocations
 + Level 8.9 Evocations


You had 21 spell levels left.
You knew the following spells:

 Your Spells              Type           Power        Failure   Level  Hunger
a - Shock                 Conj/Air       ####         1%          1    None
b - Lightning Bolt        Conj/Air       ######....   38%         5    ##.....
c - Airstrike             Air            ######....   11%         4    None
w - Blink                 Tloc           N/A          3%          2    None

Your spell library contained the following spells:

 Spells                   Type           Power        Failure   Level  Hunger
 Magic Dart               Conj           ####         1%          1    None
 Animate Skeleton         Necr           N/A          2%          1    None
 Apportation              Tloc           ######       2%          1    None
 Corona                   Hex            ######.      2%          1    None
 Infusion                 Chrm           ####         2%          1    None
 Summon Butterflies       Summ           ######..     2%          1    None
 Summon Small Mammal      Summ           ####         2%          1    None
 Swiftness                Chrm/Air       ######..     2%          2    None
 Call Imp                 Summ           ######..     3%          2    None
 Ensorcelled Hibernation  Hex/Ice        ######       3%          2    None
 Shroud of Golubria       Chrm/Tloc      ######       3%          2    None
 Slow                     Hex            ######..     3%          2    None
 Song of Slaying          Chrm           ######..     3%          2    None
 Mephitic Cloud           Conj/Pois/Air  ######..     4%          3    None
 Static Discharge         Conj/Air       ######..     4%          3    None
 Conjure Flame            Conj/Fire      ######..     6%          3    None
 Dazzling Flash           Conj/Hex       ######       6%          3    None
 Call Canine Familiar     Summ           ######..     7%          3    None
 Confusing Touch          Hex            ######..     7%          3    None
 Ozocubu's Armour         Chrm/Ice       ######..     7%          3    None
 Spectral Weapon          Hex/Chrm       ######..     7%          3    None
 Tukima's Dance           Hex            ######..     7%          3    None
 Summon Ice Beast         Ice/Summ       ######..     22%         4    None
 Summon Mana Viper        Hex/Summ       ######..     54%         5    ##.....
 Summon Hydra             Summ           ######....   100%        7    ######.


Dungeon Overview and Level Annotations

Branches:
Dungeon (11/15)            Temple (1/1) D:4            Lair (6/6) D:9
  Swamp (0/4) Lair:3        Snake (0/4) Lair:4        Slime (0/5) Lair:5
    Orc (0/2) D:11          Sewer (visited)

Altars:
Ashenzari
Cheibriados
Dithmenos
Elyvilon
Fedhas
Gozag
Hepliaklqana
Kikubaaqudgha
Makhleb
Nemelex Xobeh
Okawaru
Qazlal
Ru
Sif Muna
Trog
Uskayaw
Vehumet
Wu Jian
Xom
Yredelemnul
Zin
The Shining One
Jiyva

Shops:
D:8 =   D:11 }

Annotations:
D:5 1 runed translucent door, Flugslaktarn's ghost, novice MiFi
D:8 2 transporters
Lair:4 3 runed translucent doors, p0werm0de's ghost, journeyman DDFi
Lair:5 1 runed translucent door


Innate Abilities, Weirdness & Mutations

Your experience applies equally to all skills.
You have very sharp teeth.
Your uncanny sense of smell can sniff out nearby items.
Your flesh is cold resistant. (rC+)
Your body sometimes deteriorates upon taking damage.


Message History

The spiny frog croaks.
You hit the dream sheep.
The dream sheep are wreathed in dream dust.
You feel drowsy...
You fall asleep.
The dream sheep barely misses you. The dream sheep completely misses you.
The dream sheep bites you but does no damage.
The dream sheep misses you. The dream sheep closely misses you.
The dream sheep bites you but does no damage.
The dream sheep bites you but does no damage. x2
The dream sheep closely misses you.
The dream sheep bites you but does no damage.
The dream sheep barely misses you.
The dream sheep bites you but does no damage.
The dream sheep bites you!!
You wake up.
* * * LOW HITPOINT WARNING * * *
You block the dream sheep's attack.
Attack whom?
Aim: a dream sheep (lightly wounded)
You closely miss the dream sheep.
You bite the dream sheep, but do no damage.
The dream sheep misses you.
The dream sheep bites you but does no damage.
You block the dream sheep's attack. The dream sheep bites you.
* * * LOW HITPOINT WARNING * * *
Attack whom?
Aim: a dream sheep You puncture the dream sheep!
You block the dream sheep's attack. The dream sheep bites you.
* * * LOW HITPOINT WARNING * * *
You block the dream sheep's attack.
The dream sheep bites you but does no damage.
Attack whom?
Aim: a dream sheep (severely wounded)
You puncture the dream sheep!
You kill the dream sheep!
Cheibriados thoroughly appreciates the change of pace.
You block the dream sheep's attack.
Attack whom?
Aim: a dream sheep You puncture the dream sheep!
The dream sheep bites you but does no damage.
The dream sheep barely misses you.
Attack whom?
Aim: a dream sheep (severely wounded)
You completely miss the dream sheep. You block the spiny frog's attack.
The dream sheep shake their wool and sparkle.
You feel drowsy...
You fall asleep.
The dream sheep bites you but does no damage.
The dream sheep closely misses you. The spiny frog stings you!!!
You die...

#.#...#....##P....
##...##.#### .PP.#
#...#### ....#
##..# ...## ##.##
∆ .#. ###..# ..
##...####. ∆
#.F......#
#@Y....###
#YY....# #......#
#.......#
....#..... #
...........
........... .
.......... . .


You could see a spiny frog and 3 dream sheep.

Vanquished Creatures
  Gastronok (D:8)
  Snorg (D:10)
  An ice dragon (Lair:3)
  A catoblepas (Lair:6)
  Erolcha (D:11)
  4 hydras
  Erica (Lair:1)
  A centaur warrior (D:11)
  3 death yaks (Lair:4)
  Urug (Lair:3)
  A fire crab (Lair:6)
  Pikel (D:4)
  An oklob plant (Lair:1)
  An ugly thing (D:7)
  2 black mambas (Lair:6)
  A gargoyle (D:10)
  An ice statue (Lair:3)
  9 spiny frogs
  5 rime drakes
  2 komodo dragons
  A troll (D:11)
  2 polar bears (Lair:3)
  13 blink frogs
  2 tyrant leeches (Lair:3)
  3 dream sheep (Lair:6)
  9 hippogriffs
  5 wyverns
  18 yaks
  A human (D:10)
  7 basilisks
  3 hogs (D:10)
  4 steam dragons
  2 hungry ghosts
  A warg (D:11)
  2 nagas (Lair:4)
  13 water moccasins
  Duvessa (D:4)
  14 porcupines
  A black bear (D:10)
  10 ice beasts
  An orc warrior (D:9)
  A slave (D:4)
  4 sky beasts
  An eye of draining (D:11)
  6 ogres
  14 wolves
  7 centaurs
  13 crocodiles
  A big kobold (D:9)
  9 bullfrogs
  A gnoll sergeant (D:9)
  Dowan (D:4)
  A wyvern skeleton (D:6)
  4 scorpions
  46 killer bees (Lair:3)
  7 howler monkeys
  4 crimson imps
  2 centaur zombies
  A bullfrog zombie (D:11)
  7 jellies
  4 hounds
  10 orc priests
  11 orc wizards
  7 iguanas
  9 worker ants
  2 hound zombies (D:6)
  2 hound skeletons
  Robin (D:4)
  9 adders
  2 gnolls (D:9)
  3 shadow imps
  2 white imps (Lair:3)
  2 oozes
  An adder zombie (D:10)
  4 worms
  A dart slug (D:1)
  8 leopard geckos
  52 orcs
  5 ball pythons
  11 bats
  2 giant cockroaches (D:1)
  14 goblins
  5 hobgoblins
  8 jackals
  8 quokkas
  8 frilled lizards
  13 kobolds
  A leopard gecko skeleton (D:4)
  A leopard gecko zombie (D:5)
  5 rats
  2 plants (Lair:1)
495 creatures vanquished.

Vanquished Creatures (others)
  2 slaves (D:4)
  An orc priest (D:4)
  An iguana (D:4)
  A ball python (D:4)
  7 fungi
  9 plants
  2 withered plants (D:5)
23 creatures vanquished.

Grand Total: 518 creatures vanquished

Notes
Turn   | Place    | Note
-------+----------+-------------------------------------------
     0 | D:1      | vurker the Gnoll Air Elementalist began the quest for the
                  | Orb.
     0 | D:1      | Reached XP level 1. HP: 13/13 MP: 6/6
   249 | D:1      | Reached XP level 2. HP: 19/19 MP: 5/7
   784 | D:1      | Reached XP level 3. HP: 25/25 MP: 3/9
   851 | D:1      | Reached skill level 5 in Spellcasting
  1063 | D:2      | Reached skill level 1 in Invocations
  1317 | D:2      | Reached skill level 1 in Fighting
  1317 | D:2      | Reached skill level 1 in Short Blades
  1317 | D:2      | Reached skill level 1 in Long Blades
  1317 | D:2      | Reached skill level 1 in Axes
  1317 | D:2      | Reached skill level 1 in Maces & Flails
  1317 | D:2      | Reached skill level 1 in Polearms
  1317 | D:2      | Reached skill level 1 in Staves
  1317 | D:2      | Reached skill level 1 in Slings
  1317 | D:2      | Reached skill level 1 in Bows
  1317 | D:2      | Reached skill level 1 in Crossbows
  1317 | D:2      | Reached skill level 1 in Throwing
  1317 | D:2      | Reached skill level 1 in Armour
  1317 | D:2      | Reached skill level 1 in Shields
  1317 | D:2      | Reached skill level 1 in Unarmed Combat
  1317 | D:2      | Reached skill level 1 in Evocations
  1317 | D:2      | Reached XP level 4. HP: 32/32 MP: 4/11
  1442 | D:2      | Found a bloodstained altar of Trog.
  2561 | D:3      | Reached skill level 1 in Hexes
  2561 | D:3      | Reached skill level 1 in Charms
  2561 | D:3      | Reached skill level 1 in Summonings
  2561 | D:3      | Reached skill level 1 in Necromancy
  2561 | D:3      | Reached skill level 1 in Translocations
  2561 | D:3      | Reached skill level 1 in Transmutations
  2561 | D:3      | Reached skill level 1 in Fire Magic
  2561 | D:3      | Reached skill level 1 in Ice Magic
  2561 | D:3      | Reached skill level 1 in Earth Magic
  2561 | D:3      | Reached skill level 1 in Poison Magic
  2570 | D:3      | Reached XP level 5. HP: 14/37 MP: 3/12
  2904 | D:4      | Noticed Robin
  2915 | D:4      | Killed Robin
  3051 | D:4      | Found a glowing drain.
  3062 | Sewer    | Entered a sewer
  3168 | Sewer    | Noticed a crocodile
  3178 | Sewer    | Killed a crocodile
  3178 | Sewer    | Reached XP level 6. HP: 40/44 MP: 6/13
  3385 | D:4      | Reached skill level 5 in Dodging
  3465 | D:4      | Learned a level 5 spell: Lightning Bolt
  3470 | D:4      | Learned a level 4 spell: Airstrike
  3892 | D:4      | Noticed a slave
  3892 | D:4      | Noticed a slave
  3894 | D:4      | Noticed Pikel
  3894 | D:4      | Noticed a slave
  3914 | D:4      | Killed a slave
  3922 | D:4      | Killed Pikel
  3922 | D:4      | Reached skill level 5 in Stealth
  3922 | D:4      | Reached XP level 7. HP: 51/51 MP: 4/15
  4391 | D:4      | Noticed Duvessa
  4392 | D:4      | Noticed Dowan
  4404 | D:4      | Killed Duvessa
  4404 | D:4      | Reached XP level 8. HP: 57/57 MP: 10/16
  4410 | D:4      | Killed Dowan
  4483 | D:4      | Found a staircase to the Ecumenical Temple.
  4572 | D:4      | Found an ancient bone altar of Kikubaaqudgha.
  5004 | Temple   | Entered the Ecumenical Temple
  5215 | Temple   | Became a worshipper of Cheibriados the Contemplative
  5271 | D:5      | Entered Level 5 of the Dungeon
  5646 | D:5      | Got a brightly glowing trident
  5647 | D:5      | Identified the +9 trident of Icuqej {holy, rC+ rN+ SInv}
                  | (You found it on level 5 of the Dungeon)
  5772 | D:5      | Found a runed translucent door.
  5772 | D:5      | Noticed Flugslaktarn's ghost (novice MiFi)
  6700 | D:6      | Reached * piety under Cheibriados
  6819 | D:6      | Found a glowing silver altar of Zin.
  6824 | D:6      | Learned a level 2 spell: Blink
  6888 | D:6      | Reached XP level 9. HP: 47/65 MP: 18/18
  7042 | D:6      | Found a hide-covered altar of Uskayaw.
  8001 | D:7      | Noticed a green ugly thing
  8018 | D:7      | Killed a green ugly thing
  8018 | D:7      | Reached skill level 6 in Stealth
  8065 | D:7      | Reached ** piety under Cheibriados
  8835 | D:8      | Found a transporter.
  8850 | D:8      | Found a transporter.
  8869 | D:8      | Noticed Gastronok
  8893 | D:8      | Killed Gastronok
  8893 | D:8      | Reached skill level 5 in Fighting
  8893 | D:8      | Reached skill level 5 in Short Blades
  8893 | D:8      | Reached skill level 5 in Long Blades
  8893 | D:8      | Reached skill level 5 in Axes
  8893 | D:8      | Reached skill level 5 in Maces & Flails
  8893 | D:8      | Reached skill level 5 in Polearms
  8893 | D:8      | Reached skill level 5 in Staves
  8893 | D:8      | Reached skill level 5 in Slings
  8893 | D:8      | Reached skill level 5 in Bows
  8893 | D:8      | Reached skill level 5 in Crossbows
  8893 | D:8      | Reached skill level 5 in Throwing
  8893 | D:8      | Reached skill level 5 in Armour
  8893 | D:8      | Reached skill level 5 in Shields
  8893 | D:8      | Reached skill level 5 in Unarmed Combat
  8893 | D:8      | Reached skill level 5 in Invocations
  8893 | D:8      | Reached skill level 5 in Evocations
  8893 | D:8      | Reached XP level 10. HP: 28/74 MP: 20/20
  8935 | D:8      | Reached *** piety under Cheibriados
  9287 | D:8      | Noticed a kobold demonologist
  9288 | D:8      | Noticed a deep elf knight
  9669 | D:8      | Found Afoba's Jewellery Boutique.
  9969 | D:9      | Reached skill level 5 in Conjurations
 10114 | D:9      | Found an iron altar of Okawaru.
 10151 | D:9      | Reached skill level 7 in Stealth
 10163 | D:9      | Reached **** piety under Cheibriados
 10222 | D:9      | Found a staircase to the Lair.
 10228 | D:9      | Reached XP level 11. HP: 69/81 MP: 22/22
 11207 | D:10     | Entered Level 10 of the Dungeon
 11373 | D:10     | Found a sparkling altar of Nemelex Xobeh.
 11554 | D:10     | Reached skill level 5 in Hexes
 11554 | D:10     | Reached skill level 5 in Charms
 11554 | D:10     | Reached skill level 5 in Summonings
 11554 | D:10     | Reached skill level 5 in Necromancy
 11554 | D:10     | Reached skill level 5 in Translocations
 11554 | D:10     | Reached skill level 5 in Transmutations
 11554 | D:10     | Reached skill level 5 in Fire Magic
 11554 | D:10     | Reached skill level 5 in Ice Magic
 11554 | D:10     | Reached skill level 5 in Earth Magic
 11554 | D:10     | Reached skill level 5 in Poison Magic
 11919 | D:10     | Noticed Snorg
 11940 | D:10     | Killed Snorg
 12425 | D:11     | Noticed a centaur warrior
 12442 | D:11     | Killed a centaur warrior
 12460 | D:11     | Reached ***** piety under Cheibriados
 12469 | D:11     | Found a staircase to the Orcish Mines.
 12687 | D:11     | Reached skill level 8 in Stealth
 12757 | D:11     | Noticed a six-headed hydra
 12765 | D:11     | Killed a six-headed hydra
 12765 | D:11     | Reached XP level 12. HP: 64/89 MP: 8/24
 12936 | D:11     | Found Mat Cish's Gadget Shoppe.
 12939 | D:11     | Noticed Erolcha
 12947 | D:11     | Killed Erolcha
 13363 | Lair:1   | Entered Level 1 of the Lair of Beasts
 13363 | Lair:1   | Found a hide-covered altar of Uskayaw.
 13417 | Lair:1   | Noticed Erica
 13442 | Lair:1   | Killed Erica
 13920 | Lair:1   | Found a blossoming altar of Fedhas.
 15120 | Lair:3   | Noticed Urug
 15134 | Lair:3   | Killed Urug
 15134 | Lair:3   | Reached skill level 9 in Stealth
 15502 | Lair:3   | Reached ****** piety under Cheibriados
 15513 | Lair:3   | Noticed an ice dragon
 15523 | Lair:3   | Reached XP level 13. HP: 68/98 MP: 26/26
 15530 | Lair:3   | Killed an ice dragon
 16952 | Lair:3   | Found a staircase to the Swamp.
 17085 | Lair:3   | Got a pair of heavily runed gloves
 17091 | Lair:3   | Identified the +2 pair of gloves of the Valley {rF++} (You
                  | found it on level 3 of the Lair of Beasts)
 17581 | Lair:3   | Reached skill level 10 in Stealth
 17658 | Lair:4   | Noticed p0werm0de's ghost (journeyman DDFi)
 17666 | Lair:4   | Found a runed translucent gate.
 17666 | Lair:4   | Found a runed translucent gate.
 17667 | Lair:4   | Found a runed translucent gate.
 17777 | Lair:4   | Found a staircase to the Snake Pit.
 17955 | Lair:4   | Gained mutation: You tend to lose your temper in combat.
                  | [potion of mutation]
 17955 | Lair:4   | Gained mutation: Your magical capacity is low. (-10% MP)
                  | [potion of mutation]
 17955 | Lair:4   | Gained mutation: You have a somewhat thin skeletal
                  | structure. (Dex +2, Stealth) [potion of mutation]
 17956 | Lair:4   | Lost mutation: Your magical capacity is low. (-10% MP)
                  | [potion of mutation]
 17956 | Lair:4   | Lost mutation: You have a somewhat thin skeletal structure.
                  | (Dex +2, Stealth) [potion of mutation]
 17956 | Lair:4   | Lost mutation: You tend to lose your temper in combat.
                  | [potion of mutation]
 17956 | Lair:4   | Gained mutation: Your body sometimes deteriorates upon
                  | taking damage. [potion of mutation]
 17956 | Lair:4   | Gained mutation: Your flesh is cold resistant. (rC+)
                  | [potion of mutation]
 18170 | Lair:4   | Found a shimmering altar of Xom.
 18779 | Lair:5   | You fall into a shaft and drop 1 floor!
 18779 | Lair:6   | Entered Level 6 of the Lair of Beasts
 19147 | Lair:5   | Found a runed translucent door.
 19147 | Lair:5   | Found a viscous altar of Jiyva.
 19148 | Lair:5   | Found a staircase to the Slime Pits.
 20134 | Lair:6   | Found a bloodstained altar of Trog.
 20188 | Lair:6   | Reached skill level 10 in Spellcasting
 20278 | Lair:6   | Reached XP level 14. HP: 106/106 MP: 28/28
 20373 | Lair:6   | Reached skill level 11 in Stealth
 20668 | Lair:6   | Reached skill level 10 in Dodging
 20684 | Lair:6   | Annihilated by a spiny frog

Illustrated notes

Levels and vault maps discovered:
D:1:      dpeg_arrival_stone_temple_mockup, layout_basic
D:2:      layout_basic, lemuel_altar_in_water
D:3:      layout_basic, chequers_serial_rivers_micro_c
D:4:      layout_basic, kennysheep_little_box, minmay_temple_entry_sparse_star,
          cheibrodos_sewer_entry_drain, first_ration,
          minmay_fractal_squares_gapless_5, uniq_pikel, uniq_duvessa, uniq_robin
D:5:      layout_basic, gammafunk_ghost_grave
D:6:      layout_basic, basic_altar, lemuel_tele_altar
D:7:      layout_basic
D:8:      gammafunk_wand_slinger, layout_loops_cross, serial_shops, shop,
          uniq_gastronok
D:9:      layout_roguey, minmay_lair_entry_grove, basic_altar
D:10:     layout_roguey, grunt_livestock, nemelex_xobeh_ov_fountains_minmay,
          uniq_snorg
D:11:     layout_cave_pools, david_orc_3, serial_shops, shop, uniq_erolcha
Temple:   minmay_crystal_snake_temple
Lair:1:   layout_loops_ring, basic_altar, tgw_fedhas, lemuel_fruit_fields,
          uniq_erica
Lair:2:   layout_layer_cave
Lair:3:   wad_woods_minihive, layout_big_grid, minmay_swamp_entry_worms,
          serial_bayou_ford_a, ice2_lemuel, uniq_urug
Lair:4:   layout_loops_ring, guppyfry_snake_entry_garden, basic_altar,
          gammafunk_ghost_split
Lair:5:   layout_regular_city, slime_altar_2, grunt_megastairs_5
Lair:6:   due_jungle_book, layout_misc_corridors, special_room
          [special_room_mythical_zoo], basic_altar

Skill      XL: |  1  2  3  4  5  6  7  8  9 10 11 12 13 14 |
---------------+-------------------------------------------+-----
Conjurations   | 2 3 4 5 6 7 |  7.7
Spellcasting   | 5 6 7 8 9 10 | 10.1
Invocations    | 1 3 4 5 6 7 8 9 |  9.6
Fighting       | 1 2 3 5 6 7 8 |  8.9
Short Blades   | 1 2 3 5 6 7 8 |  8.9
Long Blades    | 1 2 3 5 6 7 8 |  8.9
Axes           | 1 2 3 5 6 7 8 |  8.9
Maces & Flails | 1 2 3 5 6 7 8 |  8.9
Polearms       | 1 2 3 5 6 7 8 |  8.9
Staves         | 1 2 3 5 6 7 8 |  8.9
Slings         | 1 2 3 5 6 7 8 |  8.9
Bows           | 1 2 3 5 6 7 8 |  8.9
Crossbows      | 1 2 3 5 6 7 8 |  8.9
Throwing       | 1 2 3 5 6 7 8 |  8.9
Armour         | 1 2 3 5 6 7 8 |  8.9
Shields        | 1 2 3 5 6 7 8 |  8.9
Unarmed Combat | 1 2 3 5 6 7 8 |  8.9
Evocations     | 1 2 3 5 6 7 8 |  8.9
Hexes          | 1 2 3 4 5 6 7 |  7.4
Charms         | 1 2 3 4 5 6 7 |  7.4
Summonings     | 1 2 3 4 5 6 7 |  7.4
Necromancy     | 1 2 3 4 5 6 7 |  7.4
Translocations | 1 2 3 4 5 6 7 |  7.4
Transmutations | 1 2 3 4 5 6 7 |  7.4
Fire Magic     | 1 2 3 4 5 6 7 |  7.4
Ice Magic      | 1 2 3 4 5 6 7 |  7.4
Earth Magic    | 1 2 3 4 5 6 7 |  7.4
Poison Magic   | 1 2 3 4 5 6 7 |  7.4
Dodging        | 5 6 7 8 9 10 | 10.0
Stealth        | 5 6 7 8 9 10 11 | 11.0
Air Magic      | 6 7 8 9 |  9.2

Action                   |  1- 3 |  4- 6 |  7- 9 | 10-12 | 13-15 || total
-------------------------+-------+-------+-------+-------+-------++-------
Melee: Dagger            |     3 |    16 |    19 |       |       ||    38
       Bite              |       |     4 |    36 |   127 |   136 ||   303
       Hand axe          |       |     1 |       |       |       ||     1
       Trident           |       |       |   220 |   698 |   594 ||  1512
       Scimitar          |       |       |       |       |    15 ||    15
 Fire: Hunting sling     |       |     3 |       |       |       ||     3
 Cast: Shock             |    50 |   126 |    62 |    16 |     8 ||   262
       Airstrike         |       |       |       |    20 |     3 ||    23
       Blink             |       |       |       |       |     1 ||     1
Evoke: Wand              |       |       |       |     3 |     3 ||     6
       Lightning rod     |       |       |       |       |     3 ||     3
  Use: Scroll            |       |     2 |     8 |     8 |     2 ||    20
       Potion            |       |     2 |     2 |     1 |     8 ||    13
 Stab: Sleeping          |       |     1 |       |       |     1 ||     2
       Distracted        |       |       |     1 |     2 |       ||     3
  Eat: Chunk             |     1 |     7 |    14 |    16 |     6 ||    44
       Ration            |       |       |       |       |     1 ||     1
Armor: Robe              |     1 |    17 |    10 |       |       ||    28
       Plate armour      |       |       |   121 |   269 |   350 ||   740
       Troll leather arm |       |       |       |    40 |       ||    40
Dodge: Dodged            |     5 |    31 |    44 |   310 |   462 ||   852
Block: Kite shield       |       |       |    70 |   458 |   554 ||  1082
       Rpst.: Scimitar   |       |       |       |       |     1 ||     1

Table legend:
 A = Non-vault XP
 B = Vault XP
 C = Vault XP percentage of total XP
 D = Non-vault monster count
 E = Vault monster count
 F = Vault count percentage of total count
                 A         B        C        D         E       F
            +---------+---------+-------+---------+---------+-------
      Total |   37563 |   22820 |  37.8 |     356 |     136 |  27.6
            +---------+---------+-------+---------+---------+-------
        D:1 |      42 |       0 |   0.0 |      22 |       0 |   0.0
        D:2 |      54 |       0 |   0.0 |      15 |       0 |   0.0
        D:3 |      89 |       0 |   0.0 |      19 |       0 |   0.0
        D:4 |     273 |     866 |  76.0 |      15 |      18 |  54.5
        D:5 |     467 |       0 |   0.0 |      16 |       0 |   0.0
        D:6 |     878 |       0 |   0.0 |      31 |       0 |   0.0
        D:7 |     882 |       0 |   0.0 |      16 |       0 |   0.0
        D:8 |    1085 |    2234 |  67.3 |      30 |       1 |   3.2
        D:9 |    1910 |    1865 |  49.4 |      41 |      13 |  24.1
       D:10 |    1772 |    2093 |  54.2 |      17 |       6 |  26.1
       D:11 |    4370 |    1204 |  21.6 |      29 |       6 |  17.1
     Lair:1 |    3700 |    1439 |  28.0 |      20 |       2 |   9.1
     Lair:2 |    1637 |       0 |   0.0 |      10 |       0 |   0.0
     Lair:3 |    6369 |    7449 |  53.9 |      32 |      64 |  66.7
     Lair:4 |    4757 |     317 |   6.2 |      11 |       2 |  15.4
     Lair:5 |    3163 |     292 |   8.5 |       9 |       2 |  18.2
     Lair:6 |    6115 |    4949 |  44.7 |      23 |      16 |  41.0
      Sewer |       0 |     112 | 100.0 |       0 |       6 | 100.0
            +---------+---------+-------+---------+---------+-------
